General information
- name: BNet
- type: Ladder team game (AT/RT)
- host: Battle.net
- saver: MsY]DOGANDHORSE
map: FullScaleAssault
- players: 8
- length: 28:52
- speed: Fast
- version: 1.21 W3XP
- replay type:

» download(248 KB)
Players
team 1 (loser)
babasstrall (
teal | 52 APM | 1494 actions | 28:27)
3 Crypt Lord
2 Carrion Beetles
1 Impale
1 Death Knight
1 Death Coil
» actions
| Assign group hotkey | 51 | |
| Basic commands | 4 | |
| Build / train | 88 | |
| Enter build submenu | 20 | |
| Enter hero's abilities submenu | 4 | |
| Give item / drop item | 2 | |
| Right click | 534 | |
| Select / deselect | 223 | |
| Select group hotkey | 521 | |
| Use ability | 47 | |
1494 total
» units
| Acolyte | 13 | |
| Ghoul | 3 | |
| Crypt Fiend | 5 | |
| Frost Wyrm | 14 | |
| Goblin Zeppelin | 1 | |
| Gargoyle | 5 | |
| Blue Dragon | 1 | |
| Meatwagon | 13 | |
55 total
» upgrades
» buildings
| Graveyard | 1 | |
| Crypt | 1 | |
| Altar of Darkness | 1 | |
| Ziggurat | 11 | |
| Tomb of Relics | 1 | |
| Nerubian Tower | 8 | |
| Spirit Tower | 5 | |
| Halls of the Dead | 1 | |
| Black Citadel | 1 | |
| Sacrificial Pit | 1 | |
| Boneyard | 2 | |
| Necropolis | 2 | |
| Slaughterhouse | 1 | |
36 total
» build order
00:12 Graveyard
00:25 Crypt
00:50 Altar of Darkness
01:10 Ziggurat
01:20 Ziggurat
01:49 Tomb of Relics
02:12 Nerubian Tower
02:12 Nerubian Tower
02:13 Nerubian Tower
02:48 Spirit Tower
05:15 Halls of the Dead
05:55 Ziggurat
07:47 Black Citadel
08:03 Ziggurat
08:04 Ziggurat
09:00 Sacrificial Pit
09:55 Spirit Tower
10:14 Boneyard
10:18 Ziggurat
10:18 Ziggurat
10:58 Boneyard
11:03 Ziggurat
11:20 Necropolis
17:38 Necropolis
17:52 Slaughterhouse
21:08 Ziggurat
21:25 Ziggurat
21:55 Ziggurat
23:18 Spirit Tower
23:22 Nerubian Tower
23:22 Nerubian Tower
23:23 Nerubian Tower
25:33 Spirit Tower
27:21 Spirit Tower
» items
| Dust of Appearance | 1 | |
| Rod of Necromancy | 1 | |
| Potion of Lesser Invulnerability | 1 | |
| Scroll of Protection | 1 | |
4 total
Kosm.o (
red | 64 APM | 1830 actions | 28:32)
3 Archmage
2 Summon Water Elemental
1 Brilliance Aura
1 Mountain King
1 Storm Bolt
» actions
| Assign group hotkey | 47 | |
| Basic commands | 76 | |
| Build / train | 67 | |
| ESC pressed | 1 | |
| Enter build submenu | 28 | |
| Enter hero's abilities submenu | 4 | |
| Right click | 743 | |
| Select / deselect | 388 | |
| Select group hotkey | 387 | |
| Use ability | 89 | |
1830 total
» units
| Peasant | 13 | |
| Footman | 6 | |
| Mortar Team | 12 | |
| Goblin Zeppelin | 1 | |
| Siege Engine | 12 | |
44 total
» upgrades
| Lumber Harvesting | 1 | |
| Flare | 1 | |
| Animal War Training | 1 | |
| Fragmentation Shards | 1 | |
| Barrage | 1 | |
| Gunpowder | 1 | |
6 total
» buildings
| Altar of Kings | 1 | |
| Barracks | 1 | |
| Farm | 14 | |
| Arcane Vault | 1 | |
| Keep | 1 | |
| Lumber Mill | 1 | |
| Town Hall | 1 | |
| Blacksmith | 1 | |
| Workshop | 5 | |
| Castle | 1 | |
27 total
» build order
00:04 Altar of Kings
00:19 Barracks
00:35 Farm
01:04 Farm
01:36 Farm
02:44 Arcane Vault
03:03 Keep
03:19 Lumber Mill
03:46 Farm
05:20 Town Hall
05:29 Blacksmith
06:04 Farm
07:16 Workshop
07:42 Workshop
09:26 Farm
10:39 Castle
10:53 Farm
14:09 Farm
23:15 Workshop
23:21 Workshop
23:45 Farm
23:45 Farm
23:46 Farm
23:59 Workshop
25:58 Farm
26:00 Farm
26:02 Farm
» items
| Scroll of Regeneration | 2 | |
| Scroll of Town Portal | 1 | |
| Potion of Healing | 1 | |
4 total
X_X)P4Ssi0N.N11 (
blue | 36 APM | 1033 actions | 28:23)
3 Demon Hunter
2 Mana Burn
1 Evasion
1 Priestess of the Moon
1 Trueshot Aura
» actions
| Assign group hotkey | 33 | |
| Build / train | 48 | |
| Enter build submenu | 19 | |
| Enter hero's abilities submenu | 4 | |
| Remove unit from queue | 2 | |
| Right click | 525 | |
| Select / deselect | 342 | |
| Select group hotkey | 32 | |
| Use ability | 28 | |
1033 total
» units
| Wisp | 16 | |
| Archer | 6 | |
| Dryad | 4 | |
| Goblin Zeppelin | 2 | |
| Glaive Thrower | 3 | |
31 total
» upgrades
| Strength of the Wild | 3 | |
| Reinforced Hides | 3 | |
| Abolish Magic | 1 | |
7 total
» buildings
| Altar of Elders | 1 | |
| Moon Well | 6 | |
| Ancient of War | 3 | |
| Tree of Ages | 1 | |
| Hunter's Hall | 1 | |
| Ancient of Lore | 2 | |
| Tree of Eternity | 1 | |
| Ancient of Wonders | 1 | |
| Ancient Protector | 2 | |
| Tree of Life | 2 | |
20 total
» build order
00:14 Altar of Elders
00:19 Moon Well
00:33 Ancient of War
01:33 Moon Well
02:59 Tree of Ages
03:07 Hunter's Hall
03:48 Moon Well
03:54 Moon Well
05:26 Ancient of Lore
05:27 Ancient of Lore
06:18 Tree of Eternity
07:49 Moon Well
09:24 Moon Well
09:32 Ancient of Wonders
09:56 Ancient Protector
10:08 Ancient Protector
16:32 Tree of Life
20:56 Ancient of War
21:11 Ancient of War
26:53 Tree of Life
XIAOSHABI (
orange | 61 APM | 1751 actions | 28:50)
3 Death Knight
2 Death Coil
1 Unholy Aura
1 Lich
1 Frost Nova
» actions
| Assign group hotkey | 38 | |
| Basic commands | 89 | |
| Build / train | 88 | |
| Enter build submenu | 30 | |
| Enter hero's abilities submenu | 4 | |
| Give item / drop item | 5 | |
| Right click | 767 | |
| Select / deselect | 400 | |
| Select group hotkey | 239 | |
| Use ability | 91 | |
1751 total
» units
| Acolyte | 9 | |
| Ghoul | 4 | |
| Crypt Fiend | 21 | |
| Frost Wyrm | 14 | |
| Goblin Zeppelin | 1 | |
49 total
» upgrades
| Web | 1 | |
| Freezing Breath | 1 | |
| Creature Attack | 1 | |
| Creature Carapace | 1 | |
4 total
» buildings
| Crypt | 1 | |
| Graveyard | 1 | |
| Ziggurat | 9 | |
| Altar of Darkness | 1 | |
| Tomb of Relics | 1 | |
| Nerubian Tower | 5 | |
| Halls of the Dead | 4 | |
| Spirit Tower | 2 | |
| Black Citadel | 2 | |
| Sacrificial Pit | 2 | |
| Boneyard | 2 | |
| Necropolis | 2 | |
32 total
» build order
00:07 Crypt
00:14 Graveyard
00:40 Ziggurat
00:59 Altar of Darkness
01:30 Tomb of Relics
02:06 Ziggurat
02:34 Nerubian Tower
02:34 Nerubian Tower
02:34 Nerubian Tower
04:50 Halls of the Dead
04:51 Halls of the Dead
05:40 Ziggurat
06:22 Spirit Tower
06:22 Spirit Tower
06:43 Ziggurat
08:27 Black Citadel
09:08 Sacrificial Pit
10:10 Sacrificial Pit
10:47 Ziggurat
11:18 Boneyard
14:08 Ziggurat
16:34 Ziggurat
16:40 Ziggurat
16:41 Ziggurat
17:46 Boneyard
18:14 Necropolis
20:10 Necropolis
26:15 Halls of the Dead
26:15 Halls of the Dead
» items
| Rod of Necromancy | 2 | |
| Boots of Speed | 1 | |
| Potion of Healing | 1 | |
| Orb of Corruption | 1 | |
| Scroll of Healing | 2 | |
7 total
team 2 (winner)
IKnewHimHoratio (
yellow | 82 APM | 2379 actions | 28:52)
7 Warden
3 Shadow Strike
3 Blink
1 Spirit of Vengeance
» actions
| Assign group hotkey | 18 | |
| Basic commands | 80 | |
| Build / train | 67 | |
| ESC pressed | 3 | |
| Enter build submenu | 18 | |
| Enter hero's abilities submenu | 8 | |
| Give item / drop item | 4 | |
| Right click | 1356 | |
| Select / deselect | 357 | |
| Select group hotkey | 375 | |
| Use ability | 91 | |
2379 total
» units
| Wisp | 23 | |
| Hippogryph | 14 | |
| Chimaera | 4 | |
41 total
» upgrades
| Nature's Blessing | 1 | |
| Ultravision | 1 | |
| Well Spring | 1 | |
| Strength of the Wild | 3 | |
| Reinforced Hides | 3 | |
| Corrosive Breath | 1 | |
10 total
» buildings
| Altar of Elders | 1 | |
| Moon Well | 9 | |
| Ancient of Wonders | 1 | |
| Tree of Ages | 1 | |
| Ancient of Wind | 3 | |
| Tree of Eternity | 1 | |
| Hunter's Hall | 1 | |
| Chimaera Roost | 4 | |
21 total
» build order
00:05 Altar of Elders
00:19 Moon Well
01:13 Moon Well
03:20 Ancient of Wonders
05:34 Tree of Ages
06:06 Moon Well
06:49 Moon Well
06:50 Moon Well
07:14 Moon Well
08:04 Ancient of Wind
08:27 Moon Well
08:45 Moon Well
09:27 Tree of Eternity
09:52 Moon Well
11:31 Hunter's Hall
14:22 Chimaera Roost
14:26 Chimaera Roost
14:28 Chimaera Roost
14:56 Chimaera Roost
20:00 Ancient of Wind
20:05 Ancient of Wind
» items
| Boots of Speed | 1 | |
| Staff of Teleportation | 1 | |
| Orb of Venom | 1 | |
| Staff of Preservation | 1 | |
| Staff of Sanctuary | 1 | |
| Scroll of Town Portal | 1 | |
6 total
IvorRobotnik (
pink | 95 APM | 2741 actions | 28:51)
7 Blademaster
3 Wind Walk
3 Critical Strike
1 Bladestorm
» actions
| Assign group hotkey | 209 | |
| Basic commands | 3 | |
| Build / train | 82 | |
| Enter build submenu | 38 | |
| Enter hero's abilities submenu | 8 | |
| Give item / drop item | 6 | |
| Remove unit from queue | 1 | |
| Right click | 1563 | |
| Select / deselect | 295 | |
| Select group hotkey | 353 | |
| Use ability | 181 | |
2741 total
» units
| Peon | 21 | |
| Troll Batrider | 18 | |
| Raider | 2 | |
41 total
» upgrades
| Spiked Barricades | 2 | |
| Reinforced Defenses | 1 | |
| Liquid Fire | 1 | |
| Armor | 3 | |
| Ranged Weapons | 2 | |
| Ensnare | 1 | |
| Pillage | 1 | |
| Melee Weapons | 1 | |
12 total
» buildings
| Altar of Storms | 1 | |
| Orc Burrow | 4 | |
| War Mill | 1 | |
| Watch Tower | 19 | |
| Stronghold | 1 | |
| Voodoo Lounge | 3 | |
| Fortress | 2 | |
| Great Hall | 1 | |
| Beastiary | 2 | |
34 total
» build order
00:02 Altar of Storms
00:09 Orc Burrow
00:23 War Mill
01:46 Watch Tower
02:04 Watch Tower
02:19 Orc Burrow
02:56 Watch Tower
03:52 Watch Tower
03:53 Stronghold
03:58 Voodoo Lounge
04:07 Watch Tower
04:57 Watch Tower
05:02 Watch Tower
05:30 Orc Burrow
05:53 Watch Tower
06:06 Watch Tower
06:09 Watch Tower
06:15 Fortress
06:15 Fortress
07:08 Great Hall
07:13 Beastiary
07:32 Watch Tower
07:43 Watch Tower
07:46 Beastiary
08:15 Orc Burrow
08:42 Watch Tower
08:54 Watch Tower
09:51 Watch Tower
11:11 Voodoo Lounge
11:13 Voodoo Lounge
12:53 Watch Tower
12:54 Watch Tower
12:55 Watch Tower
12:56 Watch Tower
» items
| Healing Salve | 2 | |
| Lesser Clarity Potion | 3 | |
| Scroll of Speed | 1 | |
| Orb of Lightning | 1 | |
| Staff of Teleportation | 1 | |
| Boots of Speed | 1 | |
9 total
MsY]DOGANDHORSE (
green | 103 APM | 2982 actions | 28:52)
5 Archmage
3 Blizzard
2 Brilliance Aura
» actions
| Assign group hotkey | 10 | |
| Basic commands | 3 | |
| Build / train | 80 | |
| Enter build submenu | 47 | |
| Enter hero's abilities submenu | 5 | |
| Give item / drop item | 1 | |
| Right click | 1566 | |
| Select / deselect | 343 | |
| Select group hotkey | 739 | |
| Use ability | 187 | |
2982 total
» units
| Peasant | 11 | |
| Sorceress | 2 | |
| Priest | 1 | |
| Mortar Team | 11 | |
| Goblin Zeppelin | 1 | |
26 total
» upgrades
| Masonry | 3 | |
| Magic Sentry | 1 | |
| Gunpowder | 3 | |
| Sorceress Training | 1 | |
| Fragmentation Shards | 1 | |
| Flare | 1 | |
| Armor | 2 | |
| Priest Training | 1 | |
13 total
» buildings
| Altar of Kings | 1 | |
| Farm | 5 | |
| Lumber Mill | 1 | |
| Scout Tower | 56 | |
| Arcane Tower | 2 | |
| Guard Tower | 23 | |
| Keep | 1 | |
| Blacksmith | 1 | |
| Town Hall | 2 | |
| Arcane Sanctum | 1 | |
| Castle | 1 | |
| Workshop | 2 | |
| Arcane Vault | 1 | |
97 total
» build order
00:10 Altar of Kings
00:20 Farm
00:37 Lumber Mill
00:45 Farm
01:44 Scout Tower
01:46 Scout Tower
01:50 Scout Tower
02:07 Scout Tower
02:15 Arcane Tower
02:31 Scout Tower
02:31 Guard Tower
02:43 Guard Tower
02:47 Scout Tower
02:50 Scout Tower
03:38 Guard Tower
03:39 Scout Tower
03:42 Scout Tower
03:45 Keep
03:49 Blacksmith
03:54 Scout Tower
03:55 Scout Tower
03:56 Scout Tower
03:57 Scout Tower
04:05 Guard Tower
04:05 Guard Tower
04:08 Scout Tower
04:11 Scout Tower
04:12 Guard Tower
04:14 Scout Tower
04:25 Guard Tower
04:47 Guard Tower
04:47 Guard Tower
04:48 Guard Tower
04:48 Guard Tower
04:48 Guard Tower
04:54 Guard Tower
06:04 Town Hall
06:11 Arcane Tower
06:12 Guard Tower
07:09 Scout Tower
07:10 Scout Tower
07:15 Arcane Sanctum
07:24 Castle
07:43 Guard Tower
08:05 Workshop
08:06 Workshop
08:17 Farm
08:17 Farm
09:02 Scout Tower
09:02 Scout Tower
09:03 Scout Tower
11:04 Guard Tower
11:09 Scout Tower
11:09 Scout Tower
11:10 Scout Tower
11:10 Scout Tower
11:10 Scout Tower
12:40 Farm
12:41 Scout Tower
12:42 Scout Tower
12:42 Scout Tower
12:44 Scout Tower
12:45 Scout Tower
12:45 Scout Tower
12:58 Guard Tower
13:10 Arcane Vault
13:56 Guard Tower
14:03 Guard Tower
18:37 Scout Tower
18:37 Scout Tower
18:38 Scout Tower
18:38 Scout Tower
18:39 Scout Tower
18:40 Scout Tower
18:40 Scout Tower
18:41 Scout Tower
19:25 Guard Tower
21:20 Guard Tower
22:26 Guard Tower
22:38 Guard Tower
28:07 Town Hall
28:12 Scout Tower
28:13 Scout Tower
28:14 Scout Tower
28:15 Scout Tower
28:16 Scout Tower
28:17 Scout Tower
28:18 Scout Tower
28:18 Scout Tower
28:19 Scout Tower
28:19 Scout Tower
28:20 Scout Tower
28:20 Scout Tower
28:21 Scout Tower
28:21 Scout Tower
28:22 Scout Tower
28:22 Scout Tower
» items
| Healing Salve | 1 | |
| Lesser Clarity Potion | 1 | |
| Scroll of Town Portal | 3 | |
| Orb of Lightning | 1 | |
| Staff of Sanctuary | 1 | |
7 total
parastaennen.fi (
purple | 102 APM | 2958 actions | 28:51)
6 Mountain King
3 Storm Bolt
3 Bash
5 Paladin
3 Holy Light
2 Divine Shield
5 Blood Mage
3 Banish
2 Siphon Mana
» actions
| Assign group hotkey | 120 | |
| Basic commands | 32 | |
| Build / train | 117 | |
| Enter build submenu | 78 | |
| Enter hero's abilities submenu | 16 | |
| Give item / drop item | 5 | |
| Remove unit from queue | 1 | |
| Right click | 1147 | |
| Select / deselect | 394 | |
| Select group hotkey | 837 | |
| Use ability | 211 | |
2958 total
» units
» upgrades
| Masonry | 2 | |
| Lumber Harvesting | 2 | |
| Magic Sentry | 1 | |
5 total
» buildings
| Altar of Kings | 1 | |
| Lumber Mill | 1 | |
| Farm | 3 | |
| Scout Tower | 85 | |
| Arcane Tower | 2 | |
| Guard Tower | 44 | |
| Town Hall | 2 | |
| Arcane Vault | 3 | |
| Keep | 3 | |
| Castle | 3 | |
| Arcane Sanctum | 1 | |
148 total
» build order
00:04 Altar of Kings
00:18 Lumber Mill
00:26 Farm
00:38 Scout Tower
01:04 Farm
01:24 Arcane Tower
01:29 Scout Tower
01:43 Farm
01:56 Guard Tower
01:56 Guard Tower
01:57 Scout Tower
02:03 Scout Tower
02:28 Guard Tower
02:29 Scout Tower
02:31 Scout Tower
02:33 Arcane Tower
02:57 Guard Tower
02:59 Scout Tower
03:24 Guard Tower
03:25 Guard Tower
03:25 Guard Tower
03:26 Scout Tower
03:27 Scout Tower
03:57 Guard Tower
03:59 Scout Tower
04:30 Town Hall
04:37 Scout Tower
04:38 Scout Tower
04:40 Arcane Vault
04:47 Guard Tower
04:49 Scout Tower
04:50 Scout Tower
05:15 Keep
05:15 Keep
05:35 Guard Tower
05:37 Scout Tower
05:39 Scout Tower
05:44 Guard Tower
05:48 Scout Tower
05:49 Scout Tower
05:51 Scout Tower
06:12 Guard Tower
06:17 Scout Tower
06:18 Scout Tower
06:20 Scout Tower
06:22 Scout Tower
06:50 Guard Tower
07:00 Town Hall
07:05 Arcane Vault
07:07 Scout Tower
07:08 Scout Tower
07:08 Scout Tower
07:09 Scout Tower
07:19 Guard Tower
07:23 Scout Tower
07:25 Guard Tower
07:41 Castle
07:42 Castle
07:42 Castle
07:51 Guard Tower
07:53 Scout Tower
07:54 Scout Tower
08:04 Guard Tower
08:06 Scout Tower
08:22 Guard Tower
09:50 Guard Tower
09:52 Scout Tower
09:53 Scout Tower
09:55 Guard Tower
09:56 Scout Tower
10:07 Guard Tower
10:09 Scout Tower
10:09 Scout Tower
10:51 Guard Tower
10:53 Scout Tower
10:54 Scout Tower
10:55 Guard Tower
10:58 Arcane Sanctum
11:03 Guard Tower
11:08 Scout Tower
11:09 Scout Tower
12:01 Guard Tower
12:04 Scout Tower
12:05 Scout Tower
12:07 Guard Tower
12:08 Scout Tower
12:50 Scout Tower
12:51 Scout Tower
12:52 Scout Tower
12:59 Scout Tower
12:59 Scout Tower
13:01 Guard Tower
13:03 Scout Tower
14:14 Guard Tower
14:16 Scout Tower
14:31 Guard Tower
14:35 Scout Tower
14:35 Scout Tower
14:37 Guard Tower
14:39 Scout Tower
14:41 Guard Tower
14:44 Arcane Vault
14:48 Guard Tower
14:49 Scout Tower
14:52 Scout Tower
15:22 Guard Tower
17:16 Guard Tower
17:17 Scout Tower
17:18 Scout Tower
17:21 Scout Tower
17:24 Scout Tower
17:25 Scout Tower
17:28 Guard Tower
17:29 Scout Tower
17:30 Scout Tower
18:16 Guard Tower
18:16 Scout Tower
18:19 Guard Tower
18:21 Scout Tower
18:22 Scout Tower
18:23 Scout Tower
18:24 Scout Tower
18:25 Scout Tower
18:26 Scout Tower
18:27 Scout Tower
18:30 Scout Tower
18:31 Scout Tower
18:32 Scout Tower
18:33 Scout Tower
18:35 Scout Tower
18:35 Scout Tower
18:36 Scout Tower
18:37 Scout Tower
18:38 Scout Tower
18:45 Guard Tower
18:49 Guard Tower
18:53 Guard Tower
18:54 Scout Tower
20:09 Guard Tower
20:13 Guard Tower
22:35 Guard Tower
25:48 Scout Tower
25:49 Scout Tower
25:49 Scout Tower
25:50 Scout Tower
25:51 Scout Tower
» items
| Boots of Speed | 3 | |
| Staff of Teleportation | 2 | |
| Orb of Lightning | 2 | |
| Staff of Sanctuary | 2 | |
| Scroll of Town Portal | 3 | |
| Lesser Clarity Potion | 1 | |
| Scroll of Regeneration | 1 | |
14 total
Chat log
(00:44 / All) Kosm.o: leave again!
(00:48 / All) X_X)P4Ssi0N.N11: xD
(00:50 / All) MsY]DOGANDHORSE: nah we got good map
(00:53 / All) parastaennen.fi: gg noob bye
(00:57 / All) IvorRobotnik: Oh it's from the show; from the show, from the show
(01:04 / All) MsY]DOGANDHORSE: Pemis
(01:07 / All) MsY]DOGANDHORSE: Pemis
(01:13 / All) X_X)P4Ssi0N.N11: its Penis :D
(01:21 / All) IvorRobotnik: that's what u call that? LOL
(01:25 / All) X_X)P4Ssi0N.N11: yeah :D
(02:52 / All) IvorRobotnik: listen to me; follow my instruction- build more burrow to continue production
(03:12 / All) Kosm.o: ok mom....
(05:20 / Allies) MsY]DOGANDHORSE: creepette
(05:22 / Allies) IvorRobotnik: put on thy creep hat
(07:28 / Allies) IvorRobotnik: Bitterwood
(14:46 / All) parastaennen.fi: shitternoobs
(16:15 / All) parastaennen.fi: ty for getting owned
(16:18 / All) IvorRobotnik: WOW
(16:22 / All) IvorRobotnik: you should be embarrassed right now shitnoobs
(16:52 / All) MsY]DOGANDHORSE: U MISS
(21:12 / All) parastaennen.fi: lmao bye noob
(21:35 / All) X_X)P4Ssi0N.N11: noob towers :')
(21:44 / All) parastaennen.fi: noob loses to towers
(21:51 / All) X_X)P4Ssi0N.N11: :D:D
(21:56 / All) parastaennen.fi: u suka
(21:59 / All) X_X)P4Ssi0N.N11: <3
(22:39 / All) parastaennen.fi: NOOOB
(22:44 / All) X_X)P4Ssi0N.N11: <3<3<3
(22:46 / All) parastaennen.fi: putin puts you on your lap every night
(22:49 / All) IvorRobotnik: i apologise for my associate
(22:50 / All) MsY]DOGANDHORSE: you love losing???
(22:57 / All) X_X)P4Ssi0N.N11: yeah
(22:58 / All) X_X)P4Ssi0N.N11: rly
(23:02 / All) XIAOSHABI: solo with me
(23:05 / All) parastaennen.fi: Putin = buttin
(23:07 / All) XIAOSHABI: i will fuck u
(23:09 / All) MsY]DOGANDHORSE: ok
(23:12 / All) parastaennen.fi: 1v1?
(23:12 / All) MsY]DOGANDHORSE: come to LLJK
(23:14 / All) parastaennen.fi: 1v1 shitnoob?
(23:22 / All) X_X)P4Ssi0N.N11: let him fuck you please
(23:26 / All) parastaennen.fi: 1v1 come to LLJK russian noob
(23:29 / All) MsY]DOGANDHORSE: i will let him......................try
(23:49 / All) parastaennen.fi: Orthodox is the great whore
(25:27 / All) parastaennen.fi: This how you going to kill me?
(25:34 / All) parastaennen.fi: Lose all armie to hero only?
(25:35 / All) parastaennen.fi: noob
(25:39 / All) parastaennen.fi: Nobru
(25:52 / All) X_X)P4Ssi0N.N11: ^_^ man u must feel so great
(25:55 / All) X_X)P4Ssi0N.N11: to fucking abuse ppl
(25:56 / All) MsY]DOGANDHORSE: i do
(25:58 / All) MsY]DOGANDHORSE: i abuse all bnet
(26:01 / All) MsY]DOGANDHORSE: all russians hate me
(26:02 / All) X_X)P4Ssi0N.N11: yeah u do
(26:03 / All) parastaennen.fi: I love owning russian
(26:04 / All) MsY]DOGANDHORSE: lenin put me on da list
(26:05 / All) parastaennen.fi: Russian fuck u
(26:07 / All) IvorRobotnik: It's a horrible place, truly the worst nation- gotta be talkin bout the Russian Federation.
(26:08 / All) parastaennen.fi: go home to russia
(26:23 / All) X_X)P4Ssi0N.N11: at least im from Holland :) are u going to fuck them too ?
(26:28 / All) MsY]DOGANDHORSE: nah i love holland
(26:31 / All) MsY]DOGANDHORSE: but i hate u
(26:35 / All) X_X)P4Ssi0N.N11: haha
(26:36 / All) MsY]DOGANDHORSE: leave that fine countrey
(26:42 / All) X_X)P4Ssi0N.N11: holland hates u too
(26:43 / All) parastaennen.fi: holland = worse than belgium
(26:43 / All) X_X)P4Ssi0N.N11: noob
(26:55 / All) parastaennen.fi: everyone so retard in holland
(27:00 / All) parastaennen.fi: big fat finger can't micro
(27:01 / All) parastaennen.fi: fat nerd
(27:05 / All) parastaennen.fi: 1v1 me
(27:06 / All) X_X)P4Ssi0N.N11: hahahahhahaah
(27:11 / All) X_X)P4Ssi0N.N11: Fuck u nerd
(27:16 / All) X_X)P4Ssi0N.N11: u cant even play normal way
(27:18 / All) X_X)P4Ssi0N.N11: u have to abuse
(27:20 / All) X_X)P4Ssi0N.N11: too win
(27:21 / All) X_X)P4Ssi0N.N11: how weak
(27:36 / All) MsY]DOGANDHORSE: wow
(27:37 / All) MsY]DOGANDHORSE: wowowowo
(27:48 / All) parastaennen.fi: wownoob
(27:49 / All) parastaennen.fi: wow
(27:54 / All) parastaennen.fi: i don't even make a unit
(28:03 / All) X_X)P4Ssi0N.N11: so ?
(28:05 / All) parastaennen.fi: all game i make 0 unit
(28:07 / All) parastaennen.fi: own u this ez
(28:09 / All) parastaennen.fi: damn u suck
(28:22 / All) X_X)P4Ssi0N.N11: u suck fucking noob abuser
(28:28 / All) parastaennen.fi: 1v1?
(28:29 / All) IKnewHimHoratio: bow
(28:31 / All) parastaennen.fi: 1v1 40 apm noob?